 Dungeon Crawl Stone Soup version 0.27.1-33-g824d729ab1 (webtiles) character file.

Game seed: 2629484577646733069

868 Holzbalken the Spear-Bearer (level 7, 0/50 HPs)
             Began as a Demonspawn Gladiator on Dec 3, 2021.
             Slain by Edmund (1 damage)
             ... on level 5 of the Dungeon.
             The game lasted 00:14:11 (4096 turns).

Holzbalken the Spear-Bearer (Demonspawn Gladiator)  Turns: 4096, Time: 00:14:11

Health: 0/50       AC: 11    Str: 16    XL:     7   Next: 73%
Magic:  7/7        EV: 12    Int:  9    God:
Gold:   133        SH:  0    Dex: 15    Spells: 6/6 levels left

rFire    . . .     SeeInvis .   a - +1 trident
rCold    . . .     Faith    .   (no shield)
rNeg     . . .     Spirit   .   b - +0 leather armour
rPois    .         Reflect  .   c - +0 helmet
rElec    .         Harm     .   h - +0 cloak
rCorr    .         Rampage  .   l - +1 pair of gloves
Will     .....                  (no boots)
Stlth    +.........             y - amulet of regeneration
HPRegen  1.16/turn              n - +4 ring of protection
MPRegen  0.10/turn              (no ring)

@: no status effects
A: hooves 1, spiny 2
a: no special abilities


You were on level 5 of the Dungeon.
You visited 1 branch of the dungeon, and saw 5 of its levels.
You also visited: Sewer.

You collected 133 gold pieces.

Inventory:

Hand Weapons
 a - a +1 trident (weapon)
Missiles
 d - 3 throwing nets (quivered)
Armour
 b - a +0 leather armour (worn)
 c - a +0 helmet (worn)
 h - a +0 cloak (worn)
 l - a +1 pair of gloves (worn)
Jewellery
 n - a +4 ring of protection (left hand)
 y - an amulet of regeneration (around neck)
Wands
 s - a wand of mindburst (18)
Scrolls
 f - 3 scrolls of teleportation
 g - a scroll of enchant weapon
 t - a scroll of summoning
 u - a scroll of enchant armour
 w - 3 scrolls of identify
Potions
 e - 2 potions of lignification {unknown}
 i - a potion of cancellation {unknown}
 j - 2 potions of brilliance
 k - 3 potions of attraction
 m - 3 potions of heal wounds
 o - a potion of mutation {unknown}
 p - 3 potions of haste {unknown}
 q - a potion of might {unknown}
 v - a potion of magic {unknown}
 x - a potion of curing {unknown}
 z - a potion of berserk rage {unknown}


   Skills:
 - Level 2.0 Fighting
 + Level 8.5 Polearms
 - Level 1.7 Throwing
 - Level 2.6 Dodging


You had 6 spell levels left.
You didn't know any spells.
Your spell library contained the following spells:

 Spells                   Type           Power      Damage    Failure   Level
 Foxfire                  Conj/Fire      0%         2x1d4     45%         1
 Conjure Flame            Conj/Fire      0%         6-21      83%         3
 Gell's Gravitas          Tloc           0%         N/A       83%         3
 Ignite Poison            Fire/Tmut/Pois 0%         N/A       83%         3
 Inner Flame              Hex/Fire       0%         N/A       83%         3
 Mephitic Cloud           Conj/Pois/Air  0%         N/A       83%         3
 Teleport Other           Tloc           0%         N/A       83%         3
 Airstrike                Air            0%         N/A       99%         4
 Cause Fear               Hex            0%         N/A       99%         4
 Summon Lightning Spire   Summ/Air       0%         N/A       99%         4
 Bolt of Magma            Conj/Fire/Erth 0%         4d4       100%        5
 Lightning Bolt           Conj/Air       0%         1d11      100%        5
 Dispersal                Tloc           0%         N/A       100%        6
 Discord                  Hex            0%         N/A       100%        8


Dungeon Overview and Level Annotations

Branches:
Dungeon (5/15)              Sewer (visited)
 Temple: D:4-7

Altars:
Gozag

Annotations:
D:4 3 runed translucent doors, Electrofox's ghost, amateur DrAE
D:5 Blork the orc; Edmund


Innate Abilities, Weirdness & Mutations

You have large cloven feet.
You are mostly covered in sharp spines.


Message History

Edmund is struck by your spines. Edmund barely misses you.
You hit Edmund.
Edmund is heavily wounded.
Blork the orc miscasts a cantrip.
The iguana bites you. Edmund misses you.
You puncture Edmund!
Edmund is severely wounded.
The iguana closely misses you. Edmund is struck by your spines.
Edmund hits you with a +2 vorpal flail!
* * * LOW HITPOINT WARNING * * *
x2 Blink to where?
Press: ? - help, Dir - move target, p - iguana
Found 14 gold pieces.
As you read the scroll of blinking, it crumbles to dust.
The sentinel's mark upon you fades away.
Edmund hits you with a +2 vorpal flail.
* * * LOW HITPOINT WARNING * * *
x2
As you read the scroll of summoning, it crumbles to dust.
Wisps of shadow whirl around you... Edmund is struck by your spines.
Edmund hits you with a +2 vorpal flail.
* * * LOW HITPOINT WARNING * * *
x2 Your scorpion zombie hits Edmund but does no damage.
Edmund barely misses your scorpion zombie.
Reach: a) +1 trident
Press: ? - help, Dir - move target, f - Edmund
Aim: Edmund, wielding a +2 vorpal flail and wearing a +0 ring mail (severely wounded, ally target, about 32% to evade your +1 trident)
You reach to attack!
You hit Edmund but do no damage.
Edmund is severely wounded.
Something bites your quokka!
Your quokka dies!
Your quokka's corpse dissolves into shadows!
Your scorpion zombie closely misses Edmund.
You hit Edmund but do no damage. You kick Edmund, but do no damage.
Edmund is severely wounded.
You hit Edmund.
Edmund is almost dead.
Your scorpion zombie closely misses the iguana.
Edmund is struck by your spines. Edmund hits you with a +2 vorpal flail!
* * * LOW HITPOINT WARNING * * *
You die...

.######..######.##.###.#
#.?...
#......5.(..#.#.#.##.##
###.##
#.###..####.#..###....#
#. #..# #.#.#.#.##..# #
#..# #†#.........# #..#
#.#>.#####..# #...
#o#....<....# ##..
#l#..######.#
#..###)#@@# .#
#$.....l..# .#
......Z##.# ##.######.#
... #.## #.# #.. ##


You could see Edmund (ally target), an iguana and a friendly scorpion zombie
(summoned).

Vanquished Creatures
  A necrophage (D:4)
  2 bullfrogs (Sewer)
  A scorpion (D:4)
  A water moccasin skeleton (D:4)
  A howler monkey (D:5)
  A hound (D:4)
  A bullfrog skeleton (D:5)
  3 iguanas (D:4)
  Natasha (thrice) (D:2)
  Robin (D:2)
  10 adders
  6 river rats (Sewer)
  A white imp (D:5)
  A worm (D:3)
  10 orcs
  17 ball pythons
  5 endoplasms
  A giant cockroach (D:3)
  11 goblins
  15 hobgoblins
  8 jackals
  6 quokkas
  8 bats
  7 frilled lizards
  4 kobolds
  28 rats
153 creatures vanquished.

Notes
Turn   | Place    | Note
-------+----------+-------------------------------------------
     0 | D:1      | Holzbalken the Demonspawn Gladiator began the quest for the
                  | Orb.
     0 | D:1      | Reached XP level 1. HP: 16/16 MP: 1/1
    50 | D:1      | Reached skill level 3 in Polearms
   367 | D:1      | Found a faded altar of an unknown god.
   418 | D:1      | Gained mutation: You are partially covered in sharp spines.
                  | [demonic ancestry]
   418 | D:1      | Reached XP level 2. HP: 18/22 MP: 2/2
   741 | D:1      | Reached XP level 3. HP: 27/27 MP: 3/3
  1098 | D:1      | Reached skill level 4 in Polearms
  1161 | D:2      | Noticed Robin
  1171 | D:2      | Killed Robin
  1361 | D:2      | Noticed Natasha
  1379 | D:2      | Killed Natasha
  1380 | D:2      | Gained mutation: You are mostly covered in sharp spines.
                  | [demonic ancestry]
  1380 | D:2      | Reached XP level 4. HP: 29/33 MP: 4/4
  1395 | D:2      | Noticed Natasha
  1409 | D:2      | Killed Natasha
  1623 | D:2      | Noticed Natasha
  1648 | D:2      | Killed Natasha
  1649 | D:2      | Reached skill level 5 in Polearms
  1708 | D:2      | Reached XP level 5. HP: 38/38 MP: 5/5
  2105 | D:3      | Found a glowing drain.
  2115 | Sewer    | Entered a sewer
  2232 | Sewer    | Reached skill level 6 in Polearms
  2306 | Sewer    | Reached XP level 6. HP: 44/44 MP: 6/6
  2384 | Sewer    | Reached skill level 7 in Polearms
  3162 | D:4      | Found a runed translucent gate.
  3162 | D:4      | Found a runed translucent gate.
  3163 | D:4      | Found a runed translucent gate.
  3163 | D:4      | Found an opulent altar of Gozag.
  3164 | D:4      | Noticed Electrofox's ghost (amateur DrAE)
  3228 | D:4      | Gained mutation: You have large cloven feet. [demonic
                  | ancestry]
  3228 | D:4      | Reached XP level 7. HP: 47/50 MP: 7/7
  3646 | D:4      | Reached skill level 8 in Polearms
  3928 | D:5      | Entered Level 5 of the Dungeon
  4076 | D:5      | Noticed Blork the orc
  4079 | D:5      | Noticed Edmund
  4096 | D:5      | HP: 1/50 [Edmund (10)]
  4096 | D:5      | Slain by Edmund

Illustrated notes

Levels and vault maps discovered:
D:1:      minmay_arrival_statue_studded, layout_loops_ring,
          hellmonk_ecumenical_altar_heavens_door, minmay_circled_x
D:2:      layout_basic, uniq_natasha, uniq_robin
D:3:      layout_loops_corners, cheibrodos_sewer_entry_sluice
D:4:      layout_loops_ring, ebering_ghost_gozag
D:5:      layout_loops_ring, uniq_edmund, uniq_blork_the_orc

Skill      XL: |  1  2  3  4  5  6  7 |
---------------+----------------------+-----
Polearms       | 3 4 5 6 7 8 |  8.5
Fighting       | |  2.0
Throwing       | |  1.7
Dodging        | |  2.6

Action                   |  1- 3 |  4- 6 |  7- 9 || total
-------------------------+-------+-------+-------++-------
Melee: Trident           |   114 |   192 |    58 ||   364
       Kick              |       |       |    18 ||    18
  Use: Scroll            |       |    10 |     2 ||    12
 Stab: Sleeping          |     2 |       |     2 ||     4
Armor: Leather armour    |    18 |    51 |    16 ||    85
Dodge: Dodged            |    48 |    93 |    13 ||   154
